 Dungeon Crawl Stone Soup version 0.24.0-1-gfbc8707 (webtiles) character file.

Game seed: 987567146962842386, levelgen mode: deterministic

338 Buxparty the Cudgeler (level 6, -6/47 HPs)
             Began as a Mummy Gladiator on Jan 4, 2020.
             Mangled by an orc wizard
             ... wielding a +0 hand axe
              (9 damage)
             ... on level 4 of the Dungeon.
             The game lasted 00:08:30 (4001 turns).

Buxparty the Cudgeler (Mummy Gladiator)             Turns: 4001, Time: 00:08:30

Health: -6/47      AC:  8    Str: 19    XL:     6   Next: 29%
Magic:  6/6        EV: 12    Int:  7    God:
Gold:   236        SH:  6    Dex: 14    Spells: 5/5 levels left

rFire    x . .     SeeInvis .   a - +1 flail
rCold    + + .     Gourm    .   j - +2 buckler
rNeg     + + +     Faith    .   n - +1 ring mail {rC+}
rPois    ∞         Spirit   .   g - +1 helmet
rElec    .         Reflect  .   (no cloak)
rCorr    .         Harm     .   (no gloves)
MR       .....                  (no boots)
Stlth    +.........             (no amulet)
HPRegen  0.15/turn              (no ring)
MPRegen  0.10/turn              (no ring)

@: no status effects
A: no food or potions, fire vulnerability, cold resistance 1, negative energy
resistance 3, torment resistance, unbreathing
a: no special abilities


You were on level 4 of the Dungeon.
You were not hungry.

You visited 1 branch of the dungeon, and saw 4 of its levels.

You collected 236 gold pieces.

Inventory:

Hand Weapons
 a - a +1 flail (weapon)
Missiles
 d - 3 throwing nets (quivered)
Armour
 g - a +1 helmet (worn)
 j - a +2 buckler (worn)
 n - a +1 ring mail of cold resistance (worn)
Wands
 b - a wand of paralysis (9)
 m - a wand of iceblast (8)
Scrolls
 c - 2 scrolls of remove curse
 f - a scroll of enchant weapon
 i - a scroll of identify
 l - 2 scrolls of teleportation


   Skills:
 + Level 3.5 Fighting
 * Level 4.3 Maces & Flails
 - Level 1.5 Throwing
 + Level 3.4 Dodging
 + Level 1.5 Shields


You had 5 spell levels left.
You didn't know any spells.
Your spell library was empty.

Dungeon Overview and Level Annotations

Branches:
Dungeon (4/15)
 Temple: D:4-7

Altars:
Dithmenos
Xom
Beogh

Annotations:
D:3 3 runed translucent doors, LostInSpace's ghost, amateur OpTm


Innate Abilities, Weirdness & Mutations

You do not eat or drink.
Your flesh is vulnerable to fire.
You are immune to poison.
Your flesh is cold resistant. (rC+)
You are immune to negative energy. (rN+++)
You are immune to unholy pain and torment.
You can survive without breathing.


Message History

You completely miss something.
You feel less confused.
Something hits you but does no damage. x2
You miss something.
You hear some strange, mumbled words.
Something tries to affect you, but you resist.
Something hits you.
* * * LOW HITPOINT WARNING * * *
You miss something.
Something hits you but does no damage. x2
You barely miss something.
You hear some strange, mumbled words.
A puff of flame appears from out of thin air!
The puff of flame misses you. Something hits you but does no damage.
Something barely misses you.
You miss something.
You hear some strange, mumbled words.
Something tries to affect you, but you resist.
Something hits you but does no damage. x2
You barely miss something. Something hits you!
You die...

#<......<..#
#..........#
#..........#
#..........#
####...........
###.......>.....# #.
##.†.##..........#
..
###{.###############
.# .## #o{@## ...
..##a### .#.. ....#
#....#...
#....###### ##
#<.....# ###....#
...# ....


You could see a worker ant and an orc priest.

Vanquished Creatures
  An ice beast (D:4)
  A hound (D:4)
  2 orc wizards (D:4)
  Ijyb (D:3)
  4 adders
  An ooze (D:2)
  A worm (D:2)
  4 dart slugs
  A leopard gecko (D:3)
  7 orcs
  2 giant cockroaches
  4 hobgoblins
  7 jackals
  2 quokkas (D:3)
  3 ball pythons
  2 bats
  7 frilled lizards
  5 goblins
  4 kobolds
  7 rats
66 creatures vanquished.

Vanquished Creatures (others)
  An orc wizard (D:4)
1 creature vanquished.

Grand Total: 67 creatures vanquished

Notes
Turn   | Place    | Note
-------+----------+-------------------------------------------
     0 | D:1      | Buxparty the Mummy Gladiator began the quest for the Orb.
     0 | D:1      | Reached XP level 1. HP: 16/16 MP: 1/1
   485 | D:1      | Reached XP level 2. HP: 22/22 MP: 2/2
   921 | D:2      | Reached skill level 3 in Maces & Flails
  1228 | D:2      | Reached XP level 3. HP: 22/28 MP: 3/3
  1551 | D:2      | Found a shadowy altar of Dithmenos.
  2170 | D:3      | Found a runed translucent gate.
  2170 | D:3      | Found a runed translucent gate.
  2170 | D:3      | Found a runed translucent gate.
  2170 | D:3      | Found a shimmering altar of Xom.
  2335 | D:3      | Reached XP level 4. HP: 25/34 MP: 4/4
  2457 | D:3      | Noticed Ijyb
  2465 | D:3      | Killed Ijyb
  2962 | D:3      | Noticed LostInSpace's ghost (amateur OpTm)
  3175 | D:3      | Found a roughly hewn altar of Beogh.
  3261 | D:4      | Noticed an ice beast
  3668 | D:4      | Killed an ice beast
  3668 | D:4      | Reached skill level 4 in Maces & Flails
  3668 | D:4      | Reached skill level 1 in Shields
  3668 | D:4      | Reached XP level 5. HP: 14/41 MP: 5/5
  3676 | D:4      | Reached XP level 6. HP: 4/47 MP: 6/6
  4001 | D:4      | Mangled by an orc wizard

Levels and vault maps discovered:
D:1:      mrwooster_arrival_statue, layout_basic, serial_forest,
          infiniplex_forest_fountain, infiniplex_forest_lined_room_,
          infiniplex_forest_lined_1, infiniplex_forest_end_3,
          infiniplex_forest_corner_1, infiniplex_forest_clump_small,
          infiniplex_forest_clump_tiny, infiniplex_forest_straight_2,
          infiniplex_forest_lined_corner, infiniplex_forest_clump_curved
D:2:      minmay_wonky_spiral, layout_loops_ring,
          grunt_dithmenos_smoke_and_mirrors, first_ration, st_stairs_13
D:3:      layout_basic, lemuel_crystal_altar, biasface_ghost_orc_armoury,
          uniq_ijyb
D:4:      layout_rooms, temple_fountains, serial_shops, shop,
          chequers_ossuary_entry_cave, hangedman_decor_riveting,
          minmay_ruptured, uniq_natasha

Skill      XL: |  1  2  3  4 |
---------------+-------------+-----
Maces & Flails | 3 4 |  4.3
Dodging        | 3 |  3.4
Fighting       | 3 |  3.5
Shields        | 1 |  1.5
Throwing       | |  1.5

Action                   |  1- 3 |  4- 6 || total
-------------------------+-------+-------++-------
Melee: Flail             |   135 |   102 ||   237
Throw: Javelin           |       |     8 ||     8
  Use: Scroll            |     4 |     2 ||     6
Armor: Leather armour    |    23 |       ||    23
       Ring mail         |     9 |    49 ||    58
Dodge: Dodged            |    97 |    53 ||   150
Block: Buckler           |     6 |    22 ||    28
